 Dungeon Crawl Stone Soup version 0.28.0-53-g5a82cb258f (webtiles) character file.

Game seed: 16772157347463241943

0 Gabide the Sneak (level 1, 0/18 HPs)
             Began as a Barachi Delver on June 15, 2022.
             Succumbed to an adder's poison
             ... on level 4 of the Dungeon.
             The game lasted 00:00:31 (195 turns).

Gabide the Sneak (Barachi Delver)                    Turns: 195, Time: 00:00:32

Health: 0/18       AC:  3    Str: 13    XL:     1   Next: 10%
Magic:  1/1        EV: 12    Int: 10    God:
Gold:   33         SH:  0    Dex: 13    Spells: 0/0 levels left

rFire   . . .      SeeInvis .   a - +0 falchion
rCold   . . .      Faith    .   (no shield)
rNeg    . . .      Spirit   .   b - +0 leather armour
rPois   .          Reflect  .   (no helmet)
rElec   .          Harm     .   (no cloak)
rCorr   .          Rampage  .   (no gloves)
Will    .....                   (no boots)
Stlth   ++........              (no amulet)
HPRegen 0.06/turn               (no ring)
MPRegen 0.07/turn               (no ring)

@: lethally poisoned (0 -> -5), hasted, quick
A: amphibious, slowness 1, strong legs 1, +LOS
a: Hop


You were on level 4 of the Dungeon.
You visited 1 branch of the dungeon, and saw 2 of its levels.

You collected 33 gold pieces.

Inventory:

Hand Weapons
 a - a +0 falchion (weapon)
Armour
 b - a +0 leather armour (worn)
Wands
 g - a wand of digging (3)
 h - a wand of iceblast (3)
Scrolls
 c - a scroll of fog
 d - a scroll of magic mapping
 e - a scroll of fear
 i - 3 scrolls of identify {unknown}


   Skills:
 + Level 3.6 Fighting
 + Level 2.4 Long Blades
 + Level 2.2 Dodging
 - Level 4.5 Stealth


You couldn't memorise any spells.
You didn't know any spells.
Your spell library was empty.

Dungeon Overview and Level Annotations

Branches:
Dungeon (5/15)
 Temple: D:4-7

Altars:


Innate Abilities, Weirdness & Mutations

You are amphibious.
You cover ground slowly.
You can hop short distances.
You have an extended range of vision and can be seen from far away.


Message History

The ball python hisses angrily.
You closely miss the ball python. The ball python closely misses you.
The ball python grabs you. The ball python constricts you.
You barely miss the ball python. The ball python barely misses you.
The ball python constricts you. The ball python barely misses you.
The ball python constricts you.
You hit the ball python.
You kill the ball python!
No target in view!
You now have 33 gold pieces (gained 9).
i - 3 scrolls labelled QOCZUE NURIOHAGU You open the door.
An adder comes into view.
The adder barely misses you.
You closely miss the adder. The adder bites you.
You are poisoned.
The adder poisons you! The adder bites you but does no damage.
You barely miss the adder.
You feel sick. The adder bites you.
You barely miss the adder.
You feel sick. The adder barely misses you. x2
You hit the adder but do no damage.
You feel sick. The adder bites you but does no damage.
You hit the adder.
The adder is lightly wounded.
You feel sick.
You are no longer poisoned.
The adder bites you.
You are lethally poisoned!
The adder poisons you! The adder misses you.
Okay, then.
You feel yourself speed up.
* * * LOW HITPOINT WARNING * * *
You feel sick. The adder completely misses you.
You closely miss the adder.
The adder is lightly wounded.
* * * LOW HITPOINT WARNING * * *
You feel sick. The adder bites you.
* * * LOW HITPOINT WARNING * * *
You hit the adder.
The adder is moderately wounded.
You die...

#............#############
.........##......>........
#.######.##..#############
#.##..# #.##..# #.....#
#####.# # .#
#....####.#.....
#.##..@......... #
####S####.... .... ......#
........+ .........#
...........# ###.......###
#+#...#+#


You could see an adder.

Vanquished Creatures
  A ball python (D:4)
1 creature vanquished.

Notes
Turn   | Place    | Note
-------+----------+-------------------------------------------
     0 | D:5      | Gabide the Barachi Delver began the quest for the Orb.
     0 | D:5      | Reached XP level 1. HP: 18/18 MP: 1/1
    21 | D:5      | Noticed a sky beast
    24 | D:5      | Noticed a water moccasin zombie
   195 | D:4      | Succumbed to an adder's poison

Illustrated notes

Levels and vault maps discovered:
D:4:      nicolae_cairo_tiling_very_big, layout_loops_ring
D:5:      layout_rooms, uniq_blork_the_orc, uniq_prince_ribbit1

Action                   || total
-------------------------++-------
Melee: Falchion          ||    10
  Use: Potion            ||     1
Armor: Leather armour    ||     2
Dodge: Dodged            ||     8
